 Dungeon Crawl Stone Soup version 0.17-a0-1632-g0af21bd (webtiles) character file.

856 karlkraus the Covered (level 7, 0/63 HPs)
             Began as a Minotaur Fighter on Aug 3, 2015.
             Was a Follower of Qazlal.
             Slain by Grinder (2 damage)
             ... on level 4 of the Dungeon.
             The game lasted 00:07:07 (2586 turns).

karlkraus the Covered (Minotaur Fighter)            Turns: 2586, Time: 00:07:08

Health: 0/63       AC:  9    Str: 23    XL:     7   Next: 70%
Magic:  6/6        EV:  4    Int:  5    God:    Qazlal [*.....]
Gold:   112        SH: 11    Dex:  9    Spells: 0 memorised, 6 levels left

rFire  . . .     SeeInvis .     n - +2 mace (drain)
rCold  . . .     Clarity  .     b - +0 scale mail
rNeg   . . .     SustAt   .     c - +0 shield
rPois  .         Gourm    .     (helmet restricted)
rElec  .         Spirit   .     s - +0 cloak
rCorr  .         Warding  .     (no gloves)
rMut   .         Stasis   .     (no boots)
MR     .....                    (no amulet)
Stlth  ..........               (no ring)
                                (no ring)

@: not resistant to hostile enchantments, extremely unstealthy
A: retaliatory headbutt, horns 2
a: Renounce Religion


You were on level 4 of the Dungeon.
You worshipped Qazlal.
Qazlal was aware of your devotion.
You were hungry.

You visited 1 branch of the dungeon, and saw 4 of its levels.

You collected 112 gold pieces.

Inventory:

Hand weapons
 n - a +2 mace of draining (weapon)
Armour
 b - a +0 scale mail (worn)
 c - a +0 shield (worn)
 s - a +0 cloak (worn)
Magical devices
 p - a wand of heal wounds (7)
 r - a wand of confusion (0)
Scrolls
 a - a scroll of magic mapping {unknown}
 f - a scroll of teleportation {unknown}
 j - 2 scrolls of remove curse {unknown}
 k - 8 scrolls of identify {unknown}
 o - 2 scrolls of enchant weapon {unknown}
 t - a scroll of random uselessness {unknown}
 u - a scroll of fog {unknown}
Potions
 d - a potion of brilliance {unknown}
 g - 3 potions of curing
 h - a potion of cancellation {unknown}
 i - a potion of ambrosia {unknown}
 l - a potion of magic {unknown}
 q - a potion of cure mutation {unknown}
 w - a potion of poison {unknown}
Comestibles
 e - 2 bread rations
 m - a slice of pizza


   Skills:
 + Level 6.1 Fighting
 + Level 4.3 Maces & Flails
 + Level 6.6 Armour
 + Level 3.6 Dodging
 + Level 0.5 Stealth
 + Level 5.8 Shields


You had 6 spell levels left.
You didn't know any spells.

Dungeon Overview and Level Annotations

Branches:
Dungeon (4/15)             Temple (0/1) D:4

Altars:
Qazlal
The Shining One

Annotations:
D:4 Grinder


Innate Abilities, Weirdness & Mutations

You reflexively headbutt those who attack you in melee.
You have a pair of horns on your head.


Message History

You block the hound skeleton's attack. Grinder hits you.
You writhe in agony.
Drink which item? (? for menu, Esc to quit)
Okay, then.
You hit the hound skeleton. You headbutt the hound skeleton.
You destroy the hound skeleton!
Qazlal accepts your kill. Grinder hits you.
* * * LOW HITPOINT WARNING * * *
You block Grinder's attack.
You climb upwards.
There is a stone staircase leading down here.
Grinder gestures at you. Pain shoots through your body!
* * * LOW HITPOINT WARNING * * *
You climb downwards.
There is a stone staircase leading up, spattered with blood here.
Grinder hits you.
* * * LOW HITPOINT WARNING * * *
You writhe in agony.
You die...

...................###
#.....##............
#...####.......##
##...####.....#.#.#.
#..#..###.........(..
##5.##.....##..#......
#..####...............
#....####..[#>.##...>..
..##...###...@#.........
.###.......#.5....#......
. ##..8.8....###..........
.###..........#####(#.#.#.
.....8.....8...####...# .
.......<....#..#..###.#
####.......#.#...## .#
##.....##....## #
#######...#.#


You could see Grinder.

Vanquished Creatures
  Sigmund (D:3)
  A phantom (D:4)
  An ogre (D:3)
  The ghost of nago the Caller, an average CeSu (D:3)
  Blork the orc (D:4)
  A scorpion (D:4)
  A hound (D:4)
  Crazy Yiuf (D:2)
  Ijyb (D:2)
  2 orc wizards (D:3)
  Natasha (thrice) (D:2)
  A worker ant (D:4)
  A hound skeleton (D:4)
  2 adders (D:2)
  An ooze (D:1)
  2 worms
  4 giant geckos
  6 orcs
  A ball python (D:1)
  3 giant cockroaches
  7 hobgoblins
  8 jackals
  5 kobolds
  A quokka (D:4)
  7 bats
  11 giant newts
  8 goblins
  12 rats
94 creatures vanquished.

Notes
Turn   | Place    | Note
--------------------------------------------------------------
     0 | D:1      | karlkraus the Minotaur Fighter began the quest for the Orb.
     0 | D:1      | Reached XP level 1. HP: 19/19 MP: 0/0
    53 | D:1      | Reached XP level 2. HP: 21/27 MP: 1/1
    92 | D:1      | Reached skill level 4 in Armour
   337 | D:1      | Reached XP level 3. HP: 25/33 MP: 2/2
   905 | D:2      | Noticed Ijyb
   905 | D:2      | Noticed Natasha
   909 | D:2      | Killed Natasha
   909 | D:2      | Reached skill level 1 in Dodging
   909 | D:2      | Reached XP level 4. HP: 34/41 MP: 3/3
   917 | D:2      | Killed Ijyb
  1109 | D:2      | Noticed Natasha
  1124 | D:2      | Killed Natasha
  1344 | D:2      | Noticed Natasha
  1357 | D:2      | Killed Natasha
  1421 | D:2      | Noticed Crazy Yiuf
  1424 | D:2      | Killed Crazy Yiuf
  1424 | D:2      | Reached XP level 5. HP: 30/47 MP: 4/4
  1459 | D:2      | Noticed a water elemental
  1461 | D:2      | Found a stormy altar of Qazlal.
  1462 | D:2      | Noticed an air elemental
  1462 | D:2      | Noticed an earth elemental
  1462 | D:2      | Noticed a fire elemental
  1722 | D:2      | Found a glowing golden altar of the Shining One.
  1842 | D:2      | Became a worshipper of Qazlal Stormbringer
  1876 | D:3      | Reached skill level 5 in Armour
  2002 | D:3      | Reached skill level 5 in Fighting
  2017 | D:3      | Noticed nago's ghost (average CeSu)
  2027 | D:3      | Killed nago's ghost
  2027 | D:3      | Reached XP level 6. HP: 47/56 MP: 5/5
  2051 | D:3      | Noticed Sigmund
  2057 | D:3      | Killed Sigmund
  2057 | D:3      | Reached skill level 5 in Shields
  2129 | D:3      | Acquired Qazlal's first power
  2331 | D:4      | Reached XP level 7. HP: 61/61 MP: 6/6
  2342 | D:4      | Reached skill level 6 in Armour
  2375 | D:4      | Found a staircase to the Ecumenical Temple.
  2376 | D:4      | Noticed Blork the orc
  2553 | D:4      | Killed Blork the orc
  2561 | D:4      | Noticed Grinder
  2586 | D:4      | HP: 2/63 [Grinder (5)]
  2586 | D:4      | Slain by Grinder

Vault maps used:
D:1:      minmay_arrival_doors, st_stairs_3, nrook_mini_backslash,
          minmay_newt_pond
D:2:      nicolae_qazlal_style_of_elements, lemuel_crystal_altar, uniq_iyjb,
          uniq_natasha, uniq_crazy_yiuf_cottage
D:3:      first_bread, minmay_misc_feat_rows, uniq_sigmund
D:4:      minmay_temple_entry_statues_fountains, st_stairs_4,
          grunt_ministairs_9, lemuel_angel_altar, uniq_duvessa,
          uniq_blork_the_orc, uniq_grinder, uniq_robin

Action                   |  1- 3 |  4- 6 |  7- 9 || total
-------------------------+-------+-------+-------++-------
Melee: Flail             |    59 |       |       ||    59
       Mace              |    15 |   101 |    31 ||   147
  Use: Potion            |       |     1 |     1 ||     2
  Eat: Chunk             |       |     3 |       ||     3
       Royal jelly       |       |     1 |       ||     1
